 Dungeon Crawl Stone Soup version 0.27.0-1-g7a089689b8 (webtiles) character file.

Game seed: 13983429765792496770

186 ZombieSheep the Bolt Thrower (level 5, -8/47 HPs)
             Began as a Gnoll Wanderer on Aug 6, 2021.
             Was a Follower of the Shining One.
             Mangled by Edmund (11 damage)
             ... on level 4 of the Dungeon.
             The game lasted 00:07:46 (3663 turns).

ZombieSheep the Bolt Thrower (Gnoll Wanderer)       Turns: 3663, Time: 00:07:46

Health: -8/47      AC:  7    Str: 12    XL:     5   Next: 66%
Magic:  7/7        EV: 10    Int: 12    God:    the Shining One [*.....]
Gold:   157        SH:  0    Dex: 11    Spells: 7/7 levels left

rFire    . . .     SeeInvis .   a - +2 hand crossbow
rCold    . . .     Faith    .   (no shield)
rNeg     . . .     Spirit   .   i - +1 ring mail
rPois    .         Reflect  .   (no helmet)
rElec    .         Harm     .   e - scarf {repulsion}
rCorr    .         Rampage  .   (no gloves)
Will     .....                  (no boots)
Stlth    +.........             j - amulet of the acrobat
HPRegen  0.15/turn              (no ring)
MPRegen  0.10/turn              (no ring)

@: glowing, repel missiles
A: fangs 1, strong nose, distributed training
a: Renounce Religion


You were on level 4 of the Dungeon.
You worshipped the Shining One.
The Shining One was aware of your devotion.
You visited 1 branch of the dungeon, and saw 4 of its levels.

You collected 157 gold pieces.

Inventory:

Hand Weapons
 a - a +2 hand crossbow (weapon)
 b - a +0 war axe
 c - a +0 mace
 q - a +0 dagger
Missiles
 f - 24 bolts (quivered ammo)
Armour
 e - a scarf of repulsion (worn)
 i - a +1 ring mail (worn)
 r - a +0 chain mail
Jewellery
 g - an amulet of faith
 j - an amulet of the acrobat (around neck)
 t - an amulet of magic regeneration
Scrolls
 d - 5 scrolls of teleportation
Potions
 h - a potion of degeneration {unknown}
 l - a potion of flight {unknown}
 n - 2 potions of attraction
 o - a potion of heal wounds
 p - a potion of mutation {unknown}


   Skills:
 + Level 6.7 Fighting
 + Level 1.6 Short Blades
 + Level 1.6 Long Blades
 + Level 1.6 Axes
 + Level 1.6 Maces & Flails
 + Level 1.6 Polearms
 + Level 1.6 Staves
 + Level 1.6 Slings
 + Level 1.6 Bows
 + Level 6.7 Crossbows
 + Level 1.6 Throwing
 + Level 4.8 Armour
 + Level 1.6 Dodging
 + Level 4.4 Stealth
 + Level 1.6 Shields
 + Level 1.6 Unarmed Combat
 + Level 1.6 Spellcasting
 + Level 1.2 Conjurations
 + Level 1.2 Hexes
 + Level 1.2 Summonings
 + Level 1.2 Necromancy
 + Level 1.2 Translocations
 + Level 1.2 Transmutations
 + Level 1.2 Fire Magic
 + Level 1.2 Ice Magic
 + Level 1.2 Air Magic
 + Level 1.2 Earth Magic
 + Level 1.2 Poison Magic
 + Level 1.8 Invocations
 + Level 1.6 Evocations


You had 7 spell levels left.
You didn't know any spells.
Your spell library contained the following spells:

 Spells                   Type           Power      Damage    Failure   Level
 Blink                    Tloc           N/A        N/A       47%         2
 Lesser Beckoning         Tloc           2%         N/A       71%         3
 Manifold Assault         Tloc           4%         N/A       100%        5


Dungeon Overview and Level Annotations

Branches:
Dungeon (4/15)
 Temple: D:4-7

Altars:
Dithmenos
Hepliaklqana
Trog
Uskayaw
The Shining One

Annotations:
D:4 Edmund


Innate Abilities, Weirdness & Mutations

You have very sharp teeth.
Your uncanny sense of smell can sniff out nearby items.
Your experience applies equally to all skills.


Message History

You are too injured to fight recklessly!
You are too injured to fight recklessly!
You are too injured to fight recklessly!
You are too injured to fight recklessly!
You are too injured to fight recklessly!
You are too injured to fight recklessly!
You are too injured to fight recklessly!
You are too injured to fight recklessly!
You are too injured to fight recklessly!
You are too injured to fight recklessly!
Unknown command.
You are too injured to fight recklessly!
Fire: 28 bolts
Press: ? - help, Q - select action Shift-Dir - straight line, f/p - Edmund
Aim: Edmund, wielding a +3 flail of protection and wearing a +0 chain mail (severely wounded, haloed, 88% to hit)
You shoot a bolt.
The bolt hits Edmund but does no damage.
Edmund is severely wounded.
Edmund hits you with a +3 flail of protection.
Fire: 27 bolts
Press: ? - help, Q - select action Shift-Dir - straight line, f/p - Edmund
Aim: Edmund, wielding a +3 flail of protection and wearing a +0 chain mail (severely wounded, haloed, 88% to hit)
You shoot a bolt. The bolt hits Edmund.
Edmund is severely wounded.
Edmund looks rather jealous.
Edmund hits you with a +3 flail of protection!
* * * LOW HITPOINT WARNING * * *
Fire: 26 bolts
Press: ? - help, Q - select action Shift-Dir - straight line, f/p - Edmund
Aim: Edmund, wielding a +3 flail of protection and wearing a +0 chain mail (severely wounded, haloed, 88% to hit)
You shoot a bolt. The bolt hits Edmund.
Edmund is almost dead.
Edmund closely misses you.
Fire: 25 bolts
Press: ? - help, Q - select action Shift-Dir - straight line, f/p - Edmund
Aim: Edmund, wielding a +3 flail of protection and wearing a +0 chain mail (severely wounded, haloed, 88% to hit)
You shoot a bolt. The bolt hits Edmund.
Edmund is almost dead.
Edmund hits you with a +3 flail of protection!
You die...

#..............#
#..............#
##[....#####..##
##....## ####
..#.....##
.........#
..###....# #####
# #....#.....#
#...@.......
##...@......
#....(.....
#.....(....
##.....(...
#...#..(.#
#...##.(.. #...#
#...


You could see Edmund.

Vanquished Creatures
  An orc wizard (D:3)
  4 gnolls (D:2)
  4 adders
  A worm (D:2)
  3 dart slugs
  4 orcs
  8 endoplasms
  6 giant cockroaches
  6 hobgoblins
  4 kobolds
  A quokka (D:1)
  12 ball pythons
  6 bats
  2 frilled lizards
  6 goblins
  8 rats
76 creatures vanquished.

Notes
Turn   | Place    | Note
-------+----------+-------------------------------------------
     0 | D:1      | ZombieSheep the Gnoll Wanderer began the quest for the Orb.
     0 | D:1      | ZombieSheep set off with the following items: a +2 hand
                  | crossbow, 26 bolts, a +0 mace, a scroll of teleportation, a
                  | +0 robe, a +0 dagger
     0 | D:1      | Reached XP level 1. HP: 23/23 MP: 1/1
   168 | D:1      | Reached XP level 2. HP: 28/29 MP: 2/2
   871 | D:1      | Reached XP level 3. HP: 34/35 MP: 3/3
  1573 | D:2      | Reached skill level 1 in Invocations
  1760 | D:2      | Reached skill level 1 in Short Blades
  1760 | D:2      | Reached skill level 1 in Long Blades
  1760 | D:2      | Reached skill level 1 in Axes
  1760 | D:2      | Reached skill level 1 in Maces & Flails
  1760 | D:2      | Reached skill level 1 in Polearms
  1760 | D:2      | Reached skill level 1 in Staves
  1760 | D:2      | Reached skill level 1 in Slings
  1760 | D:2      | Reached skill level 1 in Bows
  1760 | D:2      | Reached skill level 1 in Throwing
  1760 | D:2      | Reached skill level 1 in Dodging
  1760 | D:2      | Reached skill level 1 in Shields
  1760 | D:2      | Reached skill level 1 in Unarmed Combat
  1760 | D:2      | Reached skill level 1 in Spellcasting
  1760 | D:2      | Reached skill level 1 in Evocations
  1845 | D:2      | Reached XP level 4. HP: 25/41 MP: 5/5
  2029 | D:2      | Reached skill level 1 in Conjurations
  2029 | D:2      | Reached skill level 1 in Hexes
  2029 | D:2      | Reached skill level 1 in Summonings
  2029 | D:2      | Reached skill level 1 in Necromancy
  2029 | D:2      | Reached skill level 1 in Translocations
  2029 | D:2      | Reached skill level 1 in Transmutations
  2029 | D:2      | Reached skill level 1 in Fire Magic
  2029 | D:2      | Reached skill level 1 in Ice Magic
  2029 | D:2      | Reached skill level 1 in Air Magic
  2029 | D:2      | Reached skill level 1 in Earth Magic
  2029 | D:2      | Reached skill level 1 in Poison Magic
  2378 | D:2      | Reached XP level 5. HP: 45/47 MP: 6/6
  2754 | D:3      | Found a shadowy altar of Dithmenos.
  2755 | D:3      | Found a hazy altar of Hepliaklqana.
  2772 | D:3      | Found a bloodstained altar of Trog.
  2961 | D:3      | Found a faded altar of an unknown god.
  2968 | D:3      | Became a worshipper of the Shining One
  2968 | D:3      | Reached * piety under the Shining One
  3192 | D:3      | Found a hide-covered altar of Uskayaw.
  3350 | D:3      | Noticed a shadow
  3629 | D:4      | Noticed Edmund
  3663 | D:4      | Mangled by Edmund

Illustrated notes

Levels and vault maps discovered:
D:1:      scummos_arrival_gate, layout_loops_ring
D:2:      layout_basic, minmay_pentomino_w4
D:3:      layout_loops_cross, riverfiend_overflow_shadow_ancestor,
          mainiacjoe_overflow_brackets,
          nicolae_uskayaw_murder_on_the_dancefloor,
          shapermc_ecumenical_altar_totnotflames
D:4:      layout_cave_pods, lemuel_crystal_altar, serial_shops, shop_statue,
          uniq_natasha, uniq_edmund

Skill      XL: |  1  2  3  4 |
---------------+-------------+-----
Invocations    | 1 |  1.8
Short Blades   | 1 |  1.6
Long Blades    | 1 |  1.6
Axes           | 1 |  1.6
Maces & Flails | 1 |  1.6
Polearms       | 1 |  1.6
Staves         | 1 |  1.6
Slings         | 1 |  1.6
Bows           | 1 |  1.6
Throwing       | 1 |  1.6
Dodging        | 1 |  1.6
Shields        | 1 |  1.6
Unarmed Combat | 1 |  1.6
Spellcasting   | 1 |  1.6
Evocations     | 1 |  1.6
Conjurations   | 1 |  1.2
Hexes          | 1 |  1.2
Summonings     | 1 |  1.2
Necromancy     | 1 |  1.2
Translocations | 1 |  1.2
Transmutations | 1 |  1.2
Fire Magic     | 1 |  1.2
Ice Magic      | 1 |  1.2
Air Magic      | 1 |  1.2
Earth Magic    | 1 |  1.2
Poison Magic   | 1 |  1.2
Fighting       | |  6.7
Crossbows      | |  6.7
Armour         | |  4.8
Stealth        | |  4.4

Action                   |  1- 3 |  4- 6 || total
-------------------------+-------+-------++-------
Melee: Dagger            |   151 |    98 ||   249
       Bite              |    10 |     5 ||    15
       Punch             |     1 |       ||     1
       War axe           |       |    14 ||    14
 Fire: Hand crossbow     |    24 |    52 ||    76
Throw: Throwing net      |       |     2 ||     2
  Use: Scroll            |     2 |     5 ||     7
       Potion            |       |     1 ||     1
 Stab: Sleeping          |     3 |     1 ||     4
Armor: Robe              |    11 |       ||    11
       Ring mail         |    60 |    36 ||    96
Dodge: Dodged            |    93 |    79 ||   172
       Repelled          |     1 |     1 ||     2
